cohdb
Replays
Latest Replays
All Replays
Popular Replays
Top Player Replays
Match Explorer
How It Works
Community
CoH3 Stats
Reddit
Sign in to upload your games and track your stats! →
Sign in with Steam
Match 44364786
Unlisted
Match 44364786
Overview
Messages
Build Orders
End
Construct Weapon Support Center
Scout Squad
M1919 Machine Gun Team
M1919 Machine Gun Team
Engineer Squad
Air Support Center
M3 Armored Personnel Carrier
Engineer Squad
Grasshopper Recon Run
Construct Barracks
Selects Advanced Infantry Battlegroup
Selects Artillery Observers
Construct Medical Station
M3 Armored Personnel Carrier
Grasshopper Recon Run
Riflemen Squad
Grenade Package
Grasshopper Recon Run
Riflemen Squad
M1918 Browning Automatic Rifles
Selects M2A1 105mm Howitzer Emplacement
P-47 Strafing Run
Engineer Squad
Grasshopper Recon Run
Construct Tank Depot
P-47 Strafing Run
Selects Free Fire Drills
Selects Convert to Ranger Squad
Grasshopper Recon Run
P-47 Dive Bomb
Grasshopper Recon Run
M4(105) Sherman Bulldozer
MoronPark-四海云水怒
MonikaのPants
Gwangju's Hero Chun Doo-gwang
Leiarde
0
0
Comments
sign in to comment!
No comments posted yet!